 Dungeon Crawl Stone Soup version 0.30.1 (webtiles) character file.

Game seed: 6232160675893843715

52631 Graphine the Spry (level 14, -5/113 (115) HPs)
             Began as a Merfolk Gladiator on July 7, 2023.
             Was a Priest of Jiyva.
             Killed from afar by Harold (21 damage)
             ... with a harpoon shot
             ... on level 1 of the Orcish Mines.
             The game lasted 00:57:59 (21411 turns).

Graphine the Spry (Merfolk Gladiator)              Turns: 21411, Time: 00:58:00

HP:   -5/113 (115)  AC:  8    Str: 15    XL:     14   Next: 64%
MP:   25/25         EV: 21    Int: 10    God:    Jiyva [***...]
Gold: 1408          SH:  0    Dex: 17    Spells: 13/28 levels left

rFire   + + .        H - +5 scimitar
rCold   x x .        (no shield)
rNeg    + . .        P - +3 salamander hide armour {Flames, rFlCloud rF++ rC--}
rPois   .            c - +0 helmet
rElec   .            (no cloak)
rCorr   +            (no gloves)
SInv    .            h - +0 pair of boots
Will    +....        l - amulet of faith
Stlth   +            z - ring of wizardry
HPRegen 1.50/turn    F - ring of positive energy
MPRegen 0.54/turn

%: faith, wizardry (x1)
@: marked, lightly drained
A: (nimble swimmer 2), mertail
a: Renounce Religion, Oozemancy


You were on level 1 of the Orcish Mines.
You worshipped Jiyva.
Jiyva was most pleased with you.
You visited 5 branches of the dungeon, and saw 20 of its levels.

You collected 1408 gold pieces.

Inventory:

Hand Weapons
 x - a +5 dagger of venom
 H - a +5 scimitar (weapon)
 R - a +0 long sword of freezing
Missiles
 d - 2 throwing nets (quivered)
 N - 3 javelins
Armour
 a - the +0 robe of Happiness {Slay+2}
   (You found it on level 8 of the Dungeon)

   Slay:      It affects your accuracy & damage with ranged weapons and melee
   (+2).
 c - a +0 helmet (worn)
 h - a +0 pair of boots (worn)
 p - a +2 robe of cold resistance
 D - +2 steam dragon scales
 E - an orb of guile
 L - the +1 fire dragon scales "Maulum" {rElec rPois rF++ rC- rCorr SInv}
   (You found it on level 11 of the Dungeon)

   rF:        It greatly protects you from fire.
   rC:        It makes you vulnerable to cold.
   rElec:     It insulates you from electricity.
   rPois:     It protects you from poison.
   SInv:      It lets you see invisible.
   rCorr:     It protects you from acid and corrosion.
 P - the +3 salamander hide armour (worn) {Flames, rFlCloud rF++ rC--}
   (You found it on level 11 of the Dungeon)

   Flames:    It surrounds you with flame clouds and enhances your fire magic.
   rFlCloud:  It grants immunity to flame clouds.
   rF:        It greatly protects you from fire.
   rC:        It makes you very vulnerable to cold.
Magical Staves
 K - a staff of cold
Jewellery
 e - a ring of wizardry
 l - an amulet of faith (around neck)
 m - a ring of ice
 z - a ring of wizardry (left hand)
 F - a ring of positive energy (right hand)
 I - a ring of flight
Wands
 y - a wand of mindburst (16)
 B - a wand of paralysis (14)
 G - a wand of iceblast (21)
 M - a wand of acid (6)
Scrolls
 i - a scroll of vulnerability
 n - 5 scrolls of identify
 q - 14 scrolls of teleportation
 s - 3 scrolls of amnesia
 A - 2 scrolls of fog
 J - 4 scrolls of immolation
 Q - a scroll of blinking
 S - a scroll of enchant armour
 U - a scroll of enchant weapon
Potions
 b - a potion of cancellation
 g - a potion of invisibility {unknown}
 j - 5 potions of flight
 k - 2 potions of magic
 o - 2 potions of mutation
 t - 6 potions of lignification
 u - 4 potions of attraction
 v - 2 potions of might
 w - 2 potions of ambrosia
 C - 2 potions of haste
 O - 4 potions of curing
 T - a potion of brilliance
Miscellaneous
 f - a phantom mirror


   Skills:
 - Level 12.0 Fighting
 - Level 14.0 Long Blades
 - Level 6.0 Throwing
 - Level 4.0 Armour
 - Level 16.0 Dodging
 * Level 7.5 Spellcasting
 - Level 3.0 Translocations
 * Level 7.9 Transmutations
 - Level 6.0 Ice Magic
 - Level 3.0 Air Magic
 * Level 4.9 Earth Magic


You had 13 spell levels left.
You knew the following spells:

 Your Spells              Type           Power      Damage    Failure   Level
a - Freeze                Ice            60%        1d7       1%          1
b - Frozen Ramparts       Ice            30%        1d5       2%          3
c - Vhi's Electric Charg  Tloc/Air       18%        N/A       8%          3
d - Ensorcelled Hibernat  Hex/Ice        18%        N/A       4%          2
e - Gell's Gravitas       Tloc           9%         N/A       8%          3
f - Ozocubu's Armour      Ice            15%        N/A       2%          3

Your spell library contained the following spells:

 Spells                   Type           Power      Damage    Failure   Level
 Passwall                 Tmut/Erth      13%        N/A       1%          2
 Apportation              Tloc           18%        N/A       2%          1
 Lesser Beckoning         Tloc           18%        N/A       4%          2
 Static Discharge         Conj/Air       12%        2-3/arc   8%          2
 Hailstorm                Conj/Ice       9%         3d4       8%          3
 Swiftness                Air            9%         N/A       8%          3
 Teleport Other           Tloc           9%         N/A       8%          3
 Foxfire                  Conj/Fire      20%        2x1d5     9%          1
 Magic Dart               Conj           12%        1d3       9%          1
 Necrotise                Necr           12%        1d4       9%          1
 Summon Small Mammal      Summ           12%        N/A       9%          1
 Cigotuvi's Dreadful Rot  Necr/Pois/Air  10%        N/A       9%          2
 Blade Hands              Tmut           9%         N/A       9%          5
 Call Imp                 Summ           6%         N/A       13%         2
 Scorch                   Fire           10%        2d5       13%         2
 Volatile Blastmotes      Fire/Tloc      20%        2d11      14%         3
 Mephitic Cloud           Conj/Pois/Air  5%         N/A       17%         3
 Dazzling Flash           Conj/Hex       6%         N/A       26%         3
 Airstrike                Air            4%         2d(1-17)  26%         4
 Animate Armour           Summ/Erth      16%        N/A       30%         4
 Leda's Liquefaction      Hex/Erth       4%         N/A       30%         4
 Lee's Rapid Deconstruct  Erth           6%         3d6*      30%         5
 Iskenderun's Mystic Bla  Conj/Tloc      6%         2d4       41%         4
 Summon Lightning Spire   Summ/Air       6%         N/A       41%         4
 Alistair's Intoxication  Tmut/Pois      7%         N/A       41%         5
 Metabolic Englaciation   Hex/Ice        4%         N/A       54%         5
 Dispel Undead            Necr           3%         3d7       61%         4
 Flame Wave               Conj/Fire      5%         2d5       61%         4
 Statue Form              Tmut/Erth      10%        N/A       65%         6
 Arcjolt                  Conj/Air       3%         1d13      75%         5
 Silence                  Hex/Air        3%         N/A       75%         5
 Summon Forest            Summ/Tloc      3%         N/A       75%         5
 Agony                    Necr           3%         N/A       91%         5
 Fireball                 Conj/Fire      2%         3d4       91%         5
 Eringya's Noxious Bog    Tmut/Pois      5%         N/A       92%         6
 Dragon Form              Tmut           9%         N/A       93%         7
 Simulacrum               Ice/Necr       4%         N/A       98%         6
 Iron Shot                Conj/Erth      4%         9d2       99%         6
 Plasma Beam              Fire/Air       5%         2x1d17    99%         6
 Death Channel            Necr           1%         N/A       100%        6
 Starburst                Conj/Fire      2%         6d3       100%        6
 Summon Hydra             Summ           1%         N/A       100%        7
 Maxwell's Capacitive Co  Air            4%         ∞         100%        8


Dungeon Overview and Level Annotations

Branches:
Dungeon (12/15)            Temple (1/1) D:7            Lair (5/5) D:9
  Swamp (0/4) Lair:3       Spider (0/4) Lair:3        Slime (1/5) Lair:4
    Orc (1/2) D:11

Altars:
Ashenzari
Cheibriados
Dithmenos
Elyvilon
Fedhas
Gozag
Hepliaklqana
Kikubaaqudgha
Makhleb
Nemelex Xobeh
Okawaru
Qazlal
Ru
Sif Muna
Trog
Uskayaw
Vehumet
Wu Jian
Xom
Yredelemnul
Zin
The Shining One
Jiyva

Annotations:
Orc:1 Harold, Jorgrun


Innate Abilities, Weirdness & Mutations

((You are very nimble when in or above water. (Stealth+, EV+, Speed+++)))
Your lower body shifts to a powerful aquatic tail in water.


Message History

Okay, then.
The orc warrior attacks as you move away!
The orc warrior hits you with a +0 war axe.
* * * LOW HITPOINT WARNING * * *
The orc high priest is engulfed in blazing flames.
The orc high priest calls upon Beogh to heal the orc warrior.
The orc warrior is healed somewhat.
The orc is engulfed in blazing flames.
You kill the orc!
The orc is engulfed in blazing flames.
You kill the orc!
The orc priest calls down the wrath of Beogh upon you.
You resist with significant effort.
Harold throws a throwing net.
The throwing net closely misses you.
The orc warrior is engulfed in blazing flames.
You kill the orc warrior!
The orc sorcerer points at you and mumbles some strange words.
The bolt of negative energy hits something!!
Reactivating autopickup.
The bolt of negative energy hits you! You partially resist.
You feel drained.
* * * LOW HITPOINT WARNING * * *
The orc high priest is engulfed in blazing flames.
The orc high priest completely misses you.
The orc is engulfed in blazing flames.
You kill the orc!
The ogre is engulfed in blazing flames.
The ogre misses you.
Items here: $ ))) [[.
You slash the ogre!
The ogre is almost dead.
The orc sorcerer gestures at you while chanting.
The bolt of fire misses you.
The bolt of fire hits something!!
The orc high priest closely misses you.
You slice the ogre!!
You kill the ogre!
The soul eater draws from the surrounding life force!
* * * LOW HITPOINT WARNING * * *
The orc high priest hits you from afar with a +0 glaive.
* * * LOW HITPOINT WARNING * * *
Harold fires a harpoon shot at you. The harpoon shot hits you!!
You die...

... ...... ..##
#..###...##...#####
$...#....#.#..#.#..
.................# .
......[.[.o)....# ...
.......[).○°o.o.##...
#.^......@g°°#3##....
......)$[o°☼○4o$.....
#.....$[[oo○@☼.......
#......>.†o#○○.......
...........#........#
...........).......##
..$........#......##
.....#..$.....#....#
#...........###..##
.....#....$. ###
o.....#.#


You could see Jorgrun, Harold (empowered), a soul eater (summoned), an orc high
priest, a chaos spawn (summoned), an orc sorcerer, an orc warrior, an orc priest
and 4 orcs.

Vanquished Creatures
  A fire dragon (Lair:5)
  Fannar (D:11)
  6 hydras
  A catoblepas (Lair:4)
  6 two-headed ogres
  Nergalle (D:11)
  A skyshark (Lair:5)
  A salamander mystic (D:11)
  An obsidian statue (D:7)
  A swamp dragon (Lair:5)
  A lindwurm (Lair:5)
  A deep elf pyromancer (D:12)
  Pikel (D:5)
  An orc sorcerer (Orc:1)
  2 salamanders (D:11)
  13 elephants
  6 black mambas
  A torpor snail (Lair:1)
  5 cane toads
  Maggie (D:6)
  4 komodo dragons
  An unseen horror (D:11)
  Psyche (D:10)
  4 rime drakes
  9 polar bears (Lair:5)
  A hornet (D:9)
  4 trolls
  2 raiju (Lair:5)
  21 blink frogs
  5 dream sheep (Lair:5)
  Sigmund (D:6)
  4 slime creatures (D:12)
  A vampire (D:11)
  3 culicivoras (Lair:3)
  5 water elementals
  2 shadows
  24 yaks
  3 wyverns
  A basilisk (Lair:1)
  Eustachio (D:6)
  5 steam dragons
  10 wargs
  2 acid dragons
  Menkaure (D:5)
  14 water moccasins
  13 hell hounds (Lair:5)
  13 orc warriors
  Duvessa (D:5)
  15 black bears
  3 swamp drakes (Lair:5)
  An ice beast (D:8)
  A sky beast (D:7)
  2 ogres (Orc:1)
  15 wolves
  4 centaurs
  3 phantoms
  3 kobold brigands
  Blork the orc (D:6)
  10 bullfrogs
  2 gnoll sergeants
  Dowan (D:5)
  2 wights (D:8)
  11 killer bees
  4 electric eels
  6 howler monkeys
  8 jellies
  2 hounds
  A gnoll bouda (D:8)
  6 orc priests
  14 iguanas
  4 sleepcaps
  Terence (D:3)
  10 orc wizards
  14 gnolls
  2 adders
  A shadow imp (D:7)
  2 white imps
  An ufetubus (D:4)
  A worm (D:2)
  2 dart slugs
  46 orcs
  6 ball pythons
  4 bats
  5 endoplasms
  3 giant cockroaches
  4 goblins
  5 hobgoblins
  21 kobolds
  3 quokkas
  2 frilled lizards
  5 rats
465 creatures vanquished.

Vanquished Creatures (others)
  A wolf (Lair:5)
  27 jellies
  4 orc wizards
  An orc (D:11)
33 creatures vanquished.

Grand Total: 498 creatures vanquished

Notes
Turn   | Place    | Note
-------+----------+-------------------------------------------
     0 | D:1      | Graphine the Merfolk Gladiator began the quest for the Orb.
     0 | D:1      | Reached XP level 1. HP: 16/16 MP: 1/1
    94 | D:1      | Reached XP level 2. HP: 23/23 MP: 2/2
   158 | D:1      | Found a faded altar of an unknown god.
   638 | D:1      | Reached XP level 3. HP: 28/28 MP: 3/3
  1003 | D:2      | Reached skill level 1 in Ice Magic
  1003 | D:2      | Reached XP level 4. HP: 35/35 MP: 4/4
  1912 | D:3      | Noticed Terence
  1923 | D:3      | Killed Terence
  1924 | D:3      | Reached skill level 5 in Dodging
  1924 | D:3      | Reached XP level 5. HP: 35/41 MP: 5/5
  2418 | D:4      | Noticed a black bear
  2434 | D:4      | Killed a black bear
  2435 | D:4      | Reached XP level 6. HP: 25/48 MP: 6/6
  2592 | D:4      | Reached skill level 5 in Long Blades
  3200 | D:5      | Entered Level 5 of the Dungeon
  3328 | D:5      | Noticed Pikel
  3345 | D:5      | Killed Pikel
  3346 | D:5      | Reached skill level 5 in Fighting
  3346 | D:5      | Reached skill level 6 in Dodging
  3346 | D:5      | Reached XP level 7. HP: 17/56 MP: 7/7
  3605 | D:5      | Reached skill level 7 in Dodging
  3780 | D:5      | Reached XP level 8. HP: 47/62 MP: 8/8
  4088 | D:5      | Noticed Menkaure
  4101 | D:5      | Killed Menkaure
  4359 | D:5      | Noticed Duvessa
  4371 | D:5      | Killed Duvessa
  4371 | D:5      | Noticed Dowan
  4379 | D:5      | Killed Dowan
  4573 | D:6      | Noticed Blork the orc
  4587 | D:6      | Killed Blork the orc
  4590 | D:6      | Reached skill level 8 in Dodging
  4633 | D:6      | Noticed Eustachio
  4659 | D:6      | Killed Eustachio
  4738 | D:6      | Noticed a two-headed ogre
  4751 | D:6      | Killed a two-headed ogre
  4752 | D:6      | Reached skill level 9 in Dodging
  4752 | D:6      | Reached XP level 9. HP: 43/72 MP: 9/9
  4781 | D:6      | Noticed Maggie
  4785 | D:6      | Noticed Sigmund
  5237 | D:6      | Killed Sigmund
  5256 | D:6      | Killed Maggie
  5257 | D:6      | Reached skill level 5 in Throwing
  5859 | D:7      | Reached skill level 10 in Dodging
  5896 | D:7      | Noticed an obsidian statue
  6013 | D:7      | Reached XP level 10. HP: 73/80 MP: 10/10
  6048 | D:7      | Found a staircase to the Ecumenical Temple.
  6056 | Temple   | Entered the Ecumenical Temple
  6710 | D:7      | Learned a level 1 spell: Freeze
  6714 | D:7      | Learned a level 3 spell: Frozen Ramparts
  6718 | D:7      | Learned a level 3 spell: Vhi's Electric Charge
  7093 | D:7      | Reached skill level 1 in Spellcasting
  7457 | D:7      | Noticed a sixfirhy
  7458 | D:7      | Noticed an orange demon
  7463 | D:7      | Noticed a sun demon
  7471 | D:7      | Killed an obsidian statue
  7488 | D:7      | Got Jeeheky's Tome of Inflammable Transmogrification
  7713 | D:8      | Reached skill level 1 in Translocations
  7816 | D:8      | Reached skill level 1 in Air Magic
  7816 | D:8      | HP: 2/123 [gnoll/+0 club[a gnoll sergeant] (8)]
  8269 | D:8      | Identified the +0 robe of Happiness {Slay+2}
  8273 | D:8      | Found an opulent altar of Gozag.
  8282 | D:8      | Found a stormy altar of Qazlal.
  8431 | D:8      | Reached skill level 10 in Long Blades
  8574 | D:8      | Noticed a two-headed ogre
  8583 | D:8      | Killed a two-headed ogre
  8584 | D:8      | Reached skill level 11 in Dodging
  8954 | D:9      | Paralysed by a hornet for 3 turns
  8962 | D:9      | Paralysed by a hornet for 3 turns
  8964 | D:9      | HP: 3/83 [hornet (13)]
  8970 | D:9      | Reached skill level 5 in Ice Magic
  8973 | D:9      | Reached XP level 11. HP: 72/89 MP: 14/14
  9188 | D:9      | Found a staircase to the Lair.
 10014 | D:10     | Entered Level 10 of the Dungeon
 10023 | D:10     | Got the Parchment of Ironbound Incineration
 10244 | D:10     | Noticed a two-headed ogre
 10252 | D:10     | Killed a two-headed ogre
 10305 | D:10     | Noticed Psyche
 10324 | D:10     | Noticed a two-headed ogre
 10329 | D:10     | Killed Psyche
 10360 | D:10     | Noticed a two-headed ogre
 10410 | D:10     | Killed a two-headed ogre
 10650 | D:10     | Identified the +1 ring mail of Mosusay {+Inv}
 10851 | D:10     | Killed a two-headed ogre
 11139 | D:10     | You fall into a shaft and drop 1 floor!
 11156 | D:11     | Found a staircase to the Orcish Mines.
 11378 | D:11     | Reached skill level 12 in Dodging
 11592 | D:11     | Noticed Fannar
 11689 | D:11     | Learned a level 2 spell: Ensorcelled Hibernation
 11693 | D:11     | Learned a level 3 spell: Gell's Gravitas
 12229 | D:11     | Identified the +1 fire dragon scales "Maulum" {rElec rPois
                  | rF++ rC- rCorr SInv}
 12304 | D:11     | Reached skill level 10 in Fighting
 12628 | D:11     | Killed Fannar
 12753 | D:11     | Noticed a salamander
 12754 | D:11     | Noticed a salamander
 13608 | D:12     | Noticed a two-headed ogre
 13614 | D:12     | Killed a two-headed ogre
 13615 | D:12     | Reached XP level 12. HP: 83/97 MP: 17/17
 14707 | D:11     | Reached skill level 1 in Armour
 14992 | D:11     | Found the +3 salamander hide armour {Flames, rFlCloud rF++
                  | rC--}
 15248 | Lair:1   | Entered Level 1 of the Lair of Beasts
 15269 | Lair:1   | Reached skill level 13 in Dodging
 16618 | Lair:2   | Reached skill level 14 in Dodging
 16620 | Lair:2   | Reached XP level 13. HP: 102/107 MP: 20/20
 17365 | Lair:3   | Reached skill level 5 in Spellcasting
 17653 | Lair:3   | Found a hole to the Spider Nest.
 17675 | Lair:3   | Reached skill level 1 in Transmutations
 18256 | Lair:3   | Found a staircase to the Swamp.
 18427 | Lair:3   | Reached skill level 1 in Earth Magic
 18814 | Lair:4   | Found a staircase to the Slime Pits.
 18815 | Lair:4   | Found a viscous altar of Jiyva.
 18833 | Lair:4   | Became a worshipper of Jiyva Jaeshriw the Shapeless
 18959 | Lair:4   | Reached skill level 15 in Dodging
 19376 | Lair:4   | Reached * piety under Jiyva
 19773 | Lair:5   | Entered Level 5 of the Lair of Beasts
 19954 | Lair:5   | Reached XP level 14. HP: 103/115 MP: 22/22
 19995 | Lair:5   | Reached skill level 5 in Transmutations
 20116 | Lair:5   | Learned a level 3 spell: Ozocubu's Armour
 20137 | Lair:5   | Reached ** piety under Jiyva
 20169 | Lair:5   | Reached skill level 16 in Dodging
 20554 | Lair:5   | Reached *** piety under Jiyva
 21108 | Slime:1  | Entered Level 1 of the Pits of Slime
 21248 | Orc:1    | Entered Level 1 of the Orcish Mines
 21254 | Orc:1    | Noticed Nergalle
 21267 | Orc:1    | Noticed Harold
 21278 | D:11     | Killed Nergalle
 21401 | Orc:1    | Noticed Jorgrun
 21411 | Orc:1    | Killed from afar by Harold

Illustrated notes

Levels and vault maps discovered:
D:1:      minmay_arrival_loop, layout_loops_ring,
          hellmonk_ecumenical_altar_crossroads, minivault_23,
          minmay_misc_feat_tower
D:2:      layout_loops_cross
D:3:      layout_rooms, uniq_terence
D:4:      layout_cave_pods
D:5:      layout_loops_corners, uniq_pikel, uniq_duvessa, uniq_menkaure
D:6:      layout_cave_pools, serial_park_tiny_2, st_stairs_2,
          roderic_roman_lattice, minivault_24, uniq_maggie, uniq_blork_the_orc,
          uniq_sigmund, uniq_eustachio
D:7:      statuecave_lemuel, layout_basic, minmay_temple_entry_trees
D:8:      layout_basic, grunt_temple_overflow_open,
          minmay_fractal_squares_gapless_5
D:9:      layout_roguey, erik_lair_orcish_takeover
D:10:     layout_loops_ring, minivault_10, grunt_ministairs_4,
          kennysheep_crisscross, reono_crystal_passage, uniq_psyche
D:11:     layout_basic, hellmonk_guarded_unrand_salamander, uniq_fannar
D:12:     layout_small_grid, nicolae_underground_beach
Temple:   mainiacjoe_temple_cubbyholes
Lair:1:   layout_hall_layers, infiniplex_staircase_pool_2, grunt_megastairs_3,
          lemuel_fruit_tree
Lair:2:   layout_roguey
Lair:3:   layout_roguey, palyth_hydra_swamp_entry,
          hellmonk_spider_entry_life_and_decay
Lair:4:   layout_big_grid, slime_entry_1, minmay_holes
Lair:5:   hangedman_lair_caniforms_friends, layout_long_grid,
          guppyfry_lair_end_dragon, infiniplex_staircase_pool,
          grunt_megastairs_5
Slime:1:  layout_caves
Orc:1:    layout_caves, kennysheep_orc_chapel, uniq_jorgrun, uniq_nergalle,
          uniq_urug, uniq_harold

Skill      XL: |  1  2  3  4  5  6  7  8  9 10 11 12 13 14 |
---------------+-------------------------------------------+-----
Long Blades    | 4 6 8 9 10 11 12 14 | 14.0
Fighting       | 3 5 7 8 9 10 11 12 | 12.0
Ice Magic      | 1 2 4 5 6 |  6.0
Dodging        | 5 6 7 9 10 11 12 14 15 16 | 16.0
Throwing       | 3 4 5 6 |  6.0
Spellcasting   | 2 3 4 5 7 |  7.5
Translocations | 1 3 |  3.0
Air Magic      | 1 2 3 |  3.0
Armour         | 2 3 4 |  4.0
Transmutations | 4 7 |  7.9
Earth Magic    | 2 4 |  4.9

Action                     |  1- 3 |  4- 6 |  7- 9 | 10-12 | 13-15 || total
---------------------------+-------+-------+-------+-------+-------++-------
  Melee: Long sword        |    75 |   109 |    30 |       |       ||   214
         Punch             |     1 |       |     2 |     8 |     7 ||    18
         Dagger            |       |    37 |   189 |    87 |    64 ||   377
         Tailslap          |       |       |     4 |    17 |     7 ||    28
         Scimitar          |       |       |       |   532 |   248 ||   780
         Unarmed           |       |       |       |    15 |       ||    15
  Throw: Throwing net      |     1 |     5 |     1 |     5 |       ||    12
         Javelin           |     1 |    11 |    12 |    23 |       ||    47
         Boomerang         |       |       |       |    22 |       ||    22
   Cast: Vhi's Electric Ch |       |       |       |     5 |       ||     5
         Frozen Ramparts   |       |       |       |     2 |     2 ||     4
         Ensorcelled Hiber |       |       |       |     5 |       ||     5
         Gell's Gravitas   |       |       |       |     2 |       ||     2
  Evoke: Wand              |       |       |     3 |    20 |       ||    23
    Use: Potion            |     1 |     1 |       |     9 |     4 ||    15
         Scroll            |       |     6 |     1 |    25 |     4 ||    36
   Stab: Sleeping          |     1 |       |     1 |     2 |       ||     4
         Held in net/web   |     1 |     2 |     1 |     2 |       ||     6
         Paralysed         |       |       |     5 |     5 |       ||    10
         Petrifying        |       |       |       |       |     1 ||     1
         Petrified         |       |       |       |       |     1 ||     1
 Armour: Leather armour    |    25 |    43 |    29 |    10 |    71 ||   178
         Steam dragon scal |       |       |    14 |    97 |       ||   111
         Robe              |       |       |       |       |     1 ||     1
         Skin              |       |       |       |       |     1 ||     1
  Dodge: Dodged            |    69 |   120 |   179 |   559 |   426 ||  1353
